 Dungeon Crawl Stone Soup version 0.30-a0-1043-g60ff8d5f49 (webtiles) character file.

Game seed: 3104045628317217030

92 Hubris850 the Digger (level 4, -2/24 HPs)
             Began as a Gargoyle Earth Elementalist on Apr 10, 2023.
             Killed by divine providence
             ... invoked by an orc priest
              (15 damage)
             ... on level 3 of the Dungeon.
             The game lasted 00:06:21 (2296 turns).

Hubris850 the Digger (Gargoyle Earth Elementalist)  Turns: 2296, Time: 00:06:22

Health: -2/24      AC:  8    Str: 12    XL:     4   Next: 60%
Magic:  4/8        EV: 12    Int: 17    God:
Gold:   140        SH:  0    Dex: 10    Spells: 5/8 levels left

rFire   . . .      SeeInvis .    A - +2 dagger (holy)
rCold   . . .      Faith    .    (no shield)
rNeg    + . .      Spirit   .    a - +0 robe
rPois   ∞          Reflect  .    y - +0 helmet
rElec   +          Rampage  .    e - +0 cloak
rCorr   .                        c - +0 pair of gloves
Will    .....                    (no boots)
Stlth   ++                       (no amulet)
HPRegen 0.24/turn                (no ring)
MPRegen 0.11/turn                (no ring)

@: no status effects
A: sickness immunity, AC +3, negative energy resistance 1, electricity
resistance, torment resistance 1, petrification resistance
a: no special abilities


You were on level 3 of the Dungeon.
You visited 1 branch of the dungeon, and saw 3 of its levels.

You collected 140 gold pieces.

Inventory:

Hand Weapons
 h - a +0 dagger
 i - a +0 short sword
 A - a +2 dagger of holy wrath (weapon)
Missiles
 d - 6 poisoned darts
 l - 4 boomerangs
Armour
 a - a +0 robe (worn)
 c - a +0 pair of gloves (worn)
 e - a +0 cloak (worn)
 f - an orb of mayhem
 v - an orb of wrath
 y - a +0 helmet (worn)
Wands
 z - a wand of paralysis (6)
Scrolls
 j - a scroll of teleportation {unknown}
 o - 3 scrolls of identify {unknown}
 r - a scroll of noise {unknown}
 s - a scroll of amnesia {unknown}
 t - a scroll of vulnerability {unknown}
 u - a scroll of poison {unknown}
 w - a scroll of magic mapping {unknown}
 x - a scroll of blinking {unknown}
Potions
 b - a potion of magic
 g - 4 potions of haste {unknown}
 k - a potion of invisibility {unknown}
 m - a potion of lignification {unknown}
 n - 3 potions of heal wounds {unknown}
 p - 5 potions of curing {unknown}
 q - a potion of resistance {unknown}


   Skills:
 + Level 2.3 Dodging
 - Level 2.1 Stealth
 + Level 2.7 Spellcasting
 + Level 1.7 Transmutations
 + Level 4.4 Earth Magic


You had 5 spell levels left.
You knew the following spells:

 Your Spells              Type           Power      Damage    Failure   Level
a - Sandblast             Erth           34%        2d9       3%          1
b - Passwall              Tmut/Erth      10%        N/A       8%          2

Your spell library contained the following spells:

 Spells                   Type           Power      Damage    Failure   Level
 Beastly Appendage        Tmut           16%        N/A       9%          1
 Wereblood                Tmut           8%         N/A       14%         2
 Magic Dart               Conj           8%         1d3       19%         1
 Stone Arrow              Conj/Erth      18%        3d8       22%         3
 Searing Ray              Conj           4%         2d4       26%         2
 Spider Form              Tmut/Pois      5%         N/A       36%         3
 Petrify                  Tmut/Erth      12%        N/A       45%         4
 Fulminant Prism          Conj/Hex       1%         3d5       87%         4


Dungeon Overview and Level Annotations

Branches:
Dungeon (3/15)

Altars:
Trog

Shops:
D:2 (


Innate Abilities, Weirdness & Mutations

You are immune to sickness and miasma.
Your stone body is resilient. (AC +3)
You are immune to poison.
You resist negative energy. (rN+)
You are resistant to electric shocks. (rElec)
You are resistant to unholy torment.
You are immune to petrification.


Message History

An orc comes into view. It is wielding a +0 flail.
The orc shouts!
The blast of sand misses the orc.
The blast of sand hits the orc!
You kill the orc!
Things that are here:
a +0 flail; a +0 leather armour; an orc corpse
Found a ring mail.
Found a stone staircase leading up.
A bat comes into view.
The bat hits you but does no damage.
The blast of sand hits the bat!
You kill the bat!
You see here a bat corpse.
The orc priest shouts!
The orc shouts!
The orc priest begins to cast a cantrip, but forgets the words!
The blast of sand misses the orc.
The orc hits you with a +0 flail.
The blast of sand hits the orc!
You kill the orc!
The orc priest calls down the wrath of Beogh upon you.
Beogh smites you!
You are too injured to fight recklessly!
Casting: Sandblast (safe; 3% risk of failure)
Confirm with . or Enter, or press ? or * to list all spells.
Aiming: Sandblast (safe; 3% risk of failure)
Press: ? - help, Shift-Dir - straight line, f - orc priest
Aim: an orc priest, wielding a +0 club and wearing a +0 leather armour (82% to hit)
The blast of sand hits the orc priest!
The orc priest is severely wounded.
Casting: Sandblast (safe; 3% risk of failure)
Confirm with . or Enter, or press ? or * to list all spells.
Aiming: Sandblast (safe; 3% risk of failure)
Press: ? - help, Shift-Dir - straight line, f/p - orc priest
Aim: an orc priest, wielding a +0 club and wearing a +0 leather armour (severely wounded, 82% to hit)
The blast of sand misses the orc priest.
The orc priest invokes the aid of Beogh against you.
Beogh smites you!
Ouch! That really hurt!
You die...

#.##.# .#
#.....<†
#.......#
#.##....
#.......#
#.##....
#.##.##.#
#.##.... #.
..##(# #.##....
#. ####.#
#.......
#..####o#
####....
#.......###
#.###
#...)@...# #.#
###.##.#.# #.#
# #.#.##### #.#
#.......#####.#
###.###.......#
#.####.#
#########
#......#
########


You could see an orc priest.

Vanquished Creatures
  3 adders
  4 orcs (D:3)
  4 ball pythons
  4 endoplasms
  5 giant cockroaches
  5 goblins
  2 hobgoblins
  2 jackals (D:3)
  3 quokkas
  11 bats
  3 frilled lizards
  7 kobolds
  5 rats
58 creatures vanquished.

Notes
Turn   | Place    | Note
-------+----------+-------------------------------------------
     0 | D:1      | Hubris850 the Gargoyle Earth Elementalist began the quest
                  | for the Orb.
     0 | D:1      | Reached XP level 1. HP: 10/10 MP: 3/3
   197 | D:1      | Reached skill level 1 in Transmutations
   220 | D:1      | Reached XP level 2. HP: 15/15 MP: 3/5
   559 | D:1      | Reached skill level 4 in Earth Magic
   946 | D:2      | Reached XP level 3. HP: 19/19 MP: 0/6
  1014 | D:2      | Learned a level 2 spell: Passwall
  1235 | D:2      | Found a faded altar of an unknown god.
  1381 | D:2      | Found a bloodstained altar of Trog.
  1487 | D:2      | Found Ecypn's Weapon Shop.
  1492 | D:2      | Reached XP level 4. HP: 24/24 MP: 5/7
  2296 | D:3      | Killed from afar by an orc priest

Illustrated notes

Levels and vault maps discovered:
D:1:      minmay_arrival_cross, layout_loops_ring,
          minmay_misc_feat_more_columns, nicolae_concentric_dashed_squares_mild,
          minmay_misc_feat_roman, st_stairs_2
D:2:      layout_rooms, basic_altar, serial_shops,
          nicolae_shop_bloodbath_and_beyond,
          dreamdust_ecumenical_altar_angels_and_demons, minivault_27
D:3:      layout_loops_cross

Skill      XL: |  1  2 |
---------------+-------+-----
Transmutations | 1 |  1.7
Dodging        | 2 |  2.3
Earth Magic    | 4 |  4.4
Stealth        | |  2.1
Spellcasting   | |  2.7

Action                     |  1- 3 |  4- 6 || total
---------------------------+-------+-------++-------
  Melee: Dagger            |    16 |       ||    16
         Short sword       |     8 |     1 ||     9
   Cast: Sandblast         |    59 |    23 ||    82
 Armour: Robe              |    20 |     2 ||    22
  Dodge: Dodged            |    30 |     3 ||    33

Table legend: (Time is in decaauts)
 A = Elapsed time spent in this place.
 B = Non-inter-level travel time spent in this place.
 C = Inter-level travel time spent in this place.
 D = Time resting spent in this place.
 E = Time spent auto-exploring this place.
 F = Levels seen in this place.
 G = Mean time per level.
                   A        B        C        D        E       F      G
               +--------+--------+--------+--------+--------+-----+--------+
         Total |   2334 |   2246 |     88 |     53 |   1779 |   3 |  778.0 |
       Dungeon |   2334 |   2246 |     88 |     53 |   1779 |   3 |  778.0 |
               +--------+--------+--------+--------+--------+-----+--------+

Top non-repeatable levels by time:
     D:1: 924 daAuts
     D:2: 874 daAuts
     D:3: 535 daAuts
